 Dungeon Crawl Stone Soup version 0.26-a0-597-gb535b0901c (webtiles) character file.

Game seed: 12900610213063100142

(classic levelgen) 11792 EnegeticOcto the Cleaver (level 11, -7/103 HPs)
             Began as a Deep Dwarf Fighter on Aug 25, 2020.
             Was a Priest of Makhleb.
             Mangled by a minotaur
             ... wielding a +3 trident of flaming
              (11 damage)
             ... in a Gauntlet.
             The game lasted 00:05:57 (6111 turns).

EnegeticOcto the Cleaver (Deep Dwarf Fighter)       Turns: 6111, Time: 00:05:58

Health: -7/103     AC: 17    Str: 22    XL:     11   Next: 54%
Magic:  0/0        EV:  5    Int: 10    God:    Makhleb [***...]
Gold:   683        SH: 12    Dex: 12    Spells: 10/10 levels left

rFire    + . .     SeeInvis .   a - +1 war axe (freeze)
rCold    + . .     Faith    .   c - +0 kite shield
rNeg     . . .     Spirit   .   m - +0 plate armour
rPois    .         Reflect  .   B - +2 hat
rElec    .         Harm     .   C - scarf {repulsion}
rCorr    .         NoTele   +   (no gloves)
MR       +....                  A - +0 pair of boots {Stlth+}
Stlth    ..........             (no amulet)
HPRegen  0.00/turn              o - ring of protection from cold
MPRegen  0.07/turn              r - ring of protection from fire

@: mighty, non-regenerating, repel missiles
A: damage resistance, heal wounds, sense surroundings 2, no regeneration
a: Heal Wounds, Minor Destruction, Lesser Servant of Makhleb, Renounce Religion


You were in a Gauntlet.
You worshipped Makhleb.
Makhleb was most pleased with you.
You visited 2 branches of the dungeon, and saw 12 of its levels.
You also visited: Gauntlet.

You collected 896 gold pieces.
You spent 213 gold pieces at shops.

Inventory:

Hand Weapons
 a - a +1 war axe of freezing (weapon)
Missiles
 y - 2 throwing nets (quivered)
Armour
 b - a +0 scale mail
 c - a +0 kite shield (worn)
 j - a +0 helmet
 m - a +0 plate armour (worn)
 n - a +0 cloak
 A - a +0 pair of boots of stealth (worn)
 B - a +2 hat (worn)
 C - a scarf of repulsion (worn)
Jewellery
 o - a ring of protection from cold (left hand)
 r - a ring of protection from fire (right hand)
 x - an uncursed ring of poison resistance
 E - the ring "Zomi Syb" {*Corrode rPois AC+4 Str-5 Stlth+}
   (You found it in a Gauntlet)

   [ring of protection]

   It affects your AC (+4).
   It affects your strength (-5).
   It protects you from poison.
   It may corrode you when you take damage.
   It makes you more stealthy.
Wands
 t - a wand of digging (12) {@v3}
 w - a wand of disintegration (8)
 D - a wand of flame (14) {@v4}
Scrolls
 e - 6 scrolls of teleportation {@r3}
 g - 12 scrolls of remove curse {@r2}
 h - 4 scrolls of identify {@r1}
 k - 2 scrolls of immolation {@r4}
 z - 3 scrolls of enchant armour
Potions
 d - 2 potions of might {@q3}
 f - 4 potions of brilliance {unknown}
 i - a potion of heal wounds {@q2}
 l - a potion of haste {unknown}
 p - 2 potions of ambrosia
 q - a potion of lignification {@q7}
 s - 2 potions of flight
 u - 3 potions of stabbing {unknown}
 v - 2 potions of curing {@q1}


   Skills:
 + Level 7.8 Fighting
 * Level 12.2 Axes
 + Level 9.3 Armour
 + Level 9.2 Shields
 + Level 7.2 Invocations


You had 10 spell levels left.
You didn't know any spells.
Your spell library was empty.

Dungeon Overview and Level Annotations

Branches:
Dungeon (11/15)            Temple (1/1) D:6            Lair (0/6) D:8
Gauntlet (1/1)
    Orc: D:9-12

Altars:
Cheibriados
Dithmenos
Gozag
Hepliaklqana
Kikubaaqudgha
Makhleb
Nemelex Xobeh
Okawaru
Ru
Sif Muna
Uskayaw
Wu Jian

Shops:
D:6 *=?   D:8 *


Innate Abilities, Weirdness & Mutations

You are resistant to damage.
You can heal yourself by infusing magical energy.
You passively map the area around you.
You do not regenerate.


Message History

You closely miss the thrashing horror.
The thrashing horror is almost destroyed.
You block the thrashing horror's attack.
The thrashing horror tramples you but does no damage.
The thrashing horror roars!
The thrashing horror tramples you!
You stumble backwards!
You slash the thrashing horror! You freeze the thrashing horror.
You destroy the thrashing horror!
Makhleb accepts your kill.
No reachable target in view!
No reachable target in view!
No reachable target in view!
No reachable target in view!
No reachable target in view!
No reachable target in view!
No reachable target in view!
No reachable target in view!
No reachable target in view!
No reachable target in view!
No reachable target in view!
No reachable target in view!
No reachable target in view!
No reachable target in view!
No reachable target in view!
No reachable target in view!
No reachable target in view!
No reachable target in view!
No reachable target in view!
No reachable target in view!
No reachable target in view!
You swap places.
E - a flickering iron ring No target in view!
You're wearing all the rings you can.
Remove which one? (? for menu, Esc to cancel) < or
x - a ring of poison resistance; > or
r - a ring of protection from fire You remove your ring of poison resistance.
You feel weaker.
E - the ring "Zomi Syb" (left hand) {*Corrode rPois AC+4 Str-5 Stlth+}
There is a transporter here.
You see here a longbow.
You see here a runed hat.
You swap places.
You see here a longbow.
You remove the ring "Zomi Syb" {*Corrode rPois AC+4 Str-5 Stlth+}.
B - a ring of flight (left hand) Drop what? 31/52 slots (_ for help) (? for menu, Esc to quit)
You remove your ring of flight.
You drop an uncursed ring of flight.
o - a ring of protection from cold (left hand) Drop what? 30/52 slots (_ for help) (? for menu, Esc to quit)
Okay, then.
You swap places.
You see here a runed hat.
B - a runed hat You start removing your armour.
You continue taking off your +0 helmet. x4
You finish taking off your +0 helmet.
You start putting on your armour.
You continue putting on your runed hat. x5
You finish putting on your +2 hat.
You swap places.
Things that are here:
an uncursed ring of flight; a longbow
There is a transporter here.
You enter the transporter and appear at another place.
Okay, then.
You swap places.
You open the door.
A minotaur comes into view.
It is wielding a +3 trident of flaming, wearing a +3 ring mail of poison resistance and quivering 14 silver javelins.
The minotaur bellows!
The minotaur throws a silver javelin.
The silver javelin pierces through you!!
Found a wand of flame (15) and a weird runed staff.
You close the door.
Okay, then.
You don't have enough innate magic capacity.
Unknown command.
Okay, then.
You feel very mighty all of a sudden.
Unknown command.
You open the door.
The minotaur throws a silver javelin.
The silver javelin pierces through you.
Found a dyed leather armour and a tin of tremorstones (3/3).
The minotaur throws a silver javelin.
The silver javelin pierces through you!!
Found a gate leading back out of this place.
There is an open door, spattered with blood here.
The minotaur throws a silver javelin.
The silver javelin pierces through you!
* * * LOW HITPOINT WARNING * * *
Your neqoxec gestures.
The minotaur hits you from afar with a +3 trident of flaming!!
* * * LOW HITPOINT WARNING * * *
The minotaur burns you.
You don't have enough innate magic capacity.
You don't have enough innate magic capacity.
The minotaur hits you but does no damage.
You block the minotaur's attack.
You hit the minotaur. You freeze the minotaur.
The minotaur is lightly wounded.
You block the minotaur's attack. The minotaur gores you!
You die...

#.............#
#.#.#######.#.#
#.#....#....#.#
#.#.##5#.##.#.#
#.....5(......#
#.#..##'##..#.#
#.#..#8.8#..#.#
#....#.3.#....#
###8.#8@8#.8###
####[H/####
#8.8# #}.|#
#8∩8# #####


You could see a minotaur, a friendly neqoxec (summoned) and 2 friendly crimson
imps.

Vanquished Creatures
  3 two-headed ogres
  A thrashing horror (Gauntlet)
  Maggie (D:6)
  A jumping spider (Gauntlet)
  3 trolls
  A hornet (D:7)
  A hippogriff (D:10)
  5 yaks
  A shadow (D:9)
  A wraith (D:10)
  Edmund (D:5)
  A water moccasin (D:8)
  2 porcupines (D:8)
  5 orc warriors
  2 sky beasts
  4 phantoms
  3 ogres
  3 centaurs
  A crocodile (D:9)
  10 bullfrogs
  4 small abominations (Gauntlet)
  A wyvern skeleton (D:6)
  3 scorpions
  9 killer bees
  12 wights
  2 howler monkeys
  2 centaur zombies
  2 quasits
  5 hounds
  4 jellies
  8 orc priests
  10 orc wizards
  5 bullfrog skeletons
  2 iguanas (D:9)
  9 worker ants
  2 worker ant zombies
  Robin (D:4)
  7 gnolls
  6 adders
  3 shadow imps
  5 white imps
  An ufetubus (D:10)
  An adder zombie (D:9)
  2 worms (D:4)
  3 leopard geckos
  38 orcs
  2 bats
  3 giant cockroaches
  9 goblins
  3 hobgoblins
  3 quokkas
  A frilled lizard (D:2)
  A quokka skeleton (D:9)
219 creatures vanquished.

Vanquished Creatures (collateral kills)
  An entropy weaver (Gauntlet)
  A redback (Gauntlet)
  A yak (D:10)
  A vampire (D:10)
4 creatures vanquished.

Vanquished Creatures (others)
  8 fungi
  16 plants
  3 withered plants (Gauntlet)
27 creatures vanquished.

Grand Total: 250 creatures vanquished

Notes
Turn   | Place    | Note
-------+----------+-------------------------------------------
     0 | D:1      | EnegeticOcto the Deep Dwarf Fighter began the quest for the
                  | Orb.
     0 | D:1      | Reached XP level 1. HP: 20/20 MP: 1/1
    82 | D:2      | Reached XP level 2. HP: 27/27 MP: 2/2
   305 | D:4      | Reached skill level 3 in Axes
   305 | D:4      | Reached XP level 3. HP: 25/34 MP: 3/3
   346 | D:4      | Noticed Robin
   359 | D:4      | Killed Robin
   380 | D:4      | Reached XP level 4. HP: 42/42 MP: 4/4
   413 | D:4      | Noticed an orc warrior
   432 | D:4      | HP: 1/42 [orc wizard/magic dart (5)]
   449 | D:4      | Killed an orc warrior
   449 | D:4      | Reached skill level 4 in Axes
   449 | D:4      | Reached XP level 5. HP: 41/49 MP: 5/5
   539 | D:4      | Reached XP level 6. HP: 35/56 MP: 6/6
   604 | D:4      | Reached skill level 5 in Axes
   953 | D:5      | Entered Level 5 of the Dungeon
  1003 | D:5      | Noticed a sky beast
  1017 | D:5      | Killed a sky beast
  1092 | D:5      | Noticed Edmund
  1111 | D:5      | Killed Edmund
  1111 | D:5      | Reached skill level 5 in Armour
  1111 | D:5      | Reached skill level 5 in Shields
  1111 | D:5      | Reached XP level 7. HP: 58/64 MP: 6/6
  1189 | D:5      | Reached skill level 6 in Axes
  2000 | D:6      | Reached XP level 8. HP: 65/73 MP: 7/7
  2037 | D:6      | Reached skill level 7 in Axes
  2125 | D:6      | Reached skill level 5 in Fighting
  2174 | D:6      | Reached skill level 8 in Axes
  2255 | D:6      | Found Piroar's Assorted Antiques.
  2273 | D:6      | Bought a scroll labeled QURCHI RONUMUYNT for 26 gold pieces
  2273 | D:6      | Bought a scroll labeled AGEKUD VIRYIFE for 26 gold pieces
  2273 | D:6      | Bought a scroll labeled GETWED DODWEM for 26 gold pieces
  2280 | D:6      | Found Boam's Jewellery Shoppe.
  2281 | D:6      | Found a snail-covered altar of Cheibriados.
  2283 | D:6      | Gained mutation: You passively map the area around you.
                  | [Deep Dwarf growth]
  2283 | D:6      | Reached XP level 9. HP: 69/81 MP: 8/8
  2294 | D:6      | Found Xequed's Magic Scroll Shop.
  2300 | D:6      | Noticed Maggie
  2301 | D:6      | Found a staircase to the Ecumenical Temple.
  2321 | D:6      | Killed Maggie
  2333 | Temple   | Entered the Ecumenical Temple
  2360 | Temple   | Became a worshipper of Makhleb the Destroyer
  2395 | D:6      | Bought a scroll of enchant armour for 105 gold pieces
  2532 | D:6      | Reached skill level 9 in Axes
  2783 | D:7      | Reached skill level 1 in Invocations
  2884 | D:7      | Found a hide-covered altar of Uskayaw.
  3002 | D:7      | Found a hazy altar of Hepliaklqana.
  3160 | D:7      | Reached * piety under Makhleb
  3552 | D:8      | Found Nanloam's Assorted Antiques.
  3791 | D:8      | Bought a scroll labeled PYABEXT QENIDGH for 30 gold pieces
  3867 | D:8      | Reached skill level 10 in Axes
  3917 | D:8      | Reached XP level 10. HP: 78/92 MP: 10/10
  3925 | D:8      | Reached ** piety under Makhleb
  3939 | D:8      | Found a staircase to the Lair.
  4397 | D:9      | Found an ornate altar of the Wu Jian Council.
  4497 | D:9      | Found a snail-covered altar of Cheibriados.
  4710 | D:9      | Noticed a two-headed ogre
  4730 | D:9      | Killed a two-headed ogre
  4730 | D:9      | Reached skill level 5 in Invocations
  4812 | D:9      | Reached skill level 11 in Axes
  4846 | D:9      | Noticed a two-headed ogre
  4876 | D:9      | Killed a two-headed ogre
  5064 | D:10     | Entered Level 10 of the Dungeon
  5202 | D:10     | Reached *** piety under Makhleb
  5305 | D:10     | Reached XP level 11. HP: 99/100 MP: 5/5
  5494 | D:10     | Noticed a two-headed ogre
  5541 | D:10     | Killed a two-headed ogre
  5921 | D:11     | Found a gate leading to a gauntlet.
  5928 | Gauntlet | Entered a Gauntlet
  5928 | Gauntlet | Found a transporter.
  5932 | Gauntlet | Noticed an entropy weaver
  5932 | Gauntlet | Found a transporter.
  5935 | Gauntlet | Found a transporter.
  5944 | Gauntlet | Killed an entropy weaver
  5944 | Gauntlet | Reached skill level 12 in Axes
  5968 | Gauntlet | Noticed a thrashing horror
  5982 | Gauntlet | Found a transporter.
  6007 | Gauntlet | Noticed a swamp dragon
  6020 | Gauntlet | Noticed a shining eye
  6020 | Gauntlet | a moth of wrath changed into a shining eye
  6022 | Gauntlet | a shining eye changed into a merfolk
  6031 | Gauntlet | Noticed a death drake
  6031 | Gauntlet | a jumping spider changed into a death drake
  6050 | Gauntlet | Killed a thrashing horror
  6052 | Gauntlet | Got a flickering iron ring
  6054 | Gauntlet | Identified the ring "Zomi Syb" {*Corrode rPois AC+4 Str-5
                  | Stlth+} (You found it in a Gauntlet)
  6102 | Gauntlet | Noticed a minotaur
  6103 | Gauntlet | Found the +6 lightning scales {run, rElec}
  6109 | Gauntlet | HP: 4/103 [minotaur/+3 trident of flaming (21)]
  6111 | Gauntlet | Mangled by a minotaur

Illustrated notes

Levels and vault maps discovered:
D:1:      tarquinn_simple_flora_water_e, layout_rooms
D:2:      layout_basic, lemuel_round_altar, tso_oasis_becter
D:3:      layout_basic, minmay_goblin_kobold_house, uniq_jessica
D:4:      layout_basic, serial_glass, glass_columns_a, glass_columns_b,
          glass_columns_c, glass_columns_b, glass_columns_c, uniq_robin
D:5:      layout_basic, nicolae_sextant, uniq_edmund
D:6:      minmay_chambers_of_sixes, layout_basic, kennysheep_mini,
          minmay_temple_entry_slanted, serial_shops, shop, shop, shop,
          uniq_maggie
D:7:      layout_gridville, lemuel_doored_altar, lemuel_round_altar
D:8:      layout_loops_ring, grunt_lair_entry_orc_guard_hut, serial_shops,
          nicolae_shop_overgrown_old_shop
D:9:      minmay_polygon_palace, layout_rooms, lemuel_coloured_pillars_altar,
          basic_altar
D:10:     layout_loops_ring, grunt_ministairs_9
D:11:     layout_small_grid, basic_altar, serial_glass, glass_columns_c,
          glass_columns_a, gauntlet_entry_generic, uniq_sonja, uniq_erolcha
Temple:   regret_index_temple_sphere_string
Gauntlet: minmay_gauntlet_mixed_oops_all_seconds
          [minmay_gauntlet_arena_77_museum,
          gammafunk_gauntlet_arena_arrow_garden,
          minmay_gauntlet_arena_77_run_for_it, gammafunk_gauntlet_arena_mazey,
          minmay_gauntlet_arena_77_checkered, nicolae_gauntlet_arena_blocks,
          nicolae_gauntlet_exit_dead_adventurers]

Skill      XL: |  1  2  3  4  5  6  7  8  9 10 11 |
---------------+----------------------------------+-----
Fighting       | 3 4 5 6 7 |  7.8
Axes           | 3 4 5 6 8 10 11 12 | 12.2
Armour         | 4 5 6 7 8 9 |  9.3
Shields        | 4 5 6 7 8 9 |  9.2
Invocations    | 3 5 7 |  7.2

Action                   |  1- 3 |  4- 6 |  7- 9 | 10-12 || total
-------------------------+-------+-------+-------+-------++-------
Melee: War axe           |    59 |   100 |   469 |   504 ||  1132
Invok: Lesser Servant of |       |       |       |     7 ||     7
 Abil: Heal Wounds       |     1 |     8 |    15 |    33 ||    57
  Use: Scroll            |       |       |    15 |     2 ||    17
       Potion            |       |       |       |     1 ||     1
 Stab: Distracted        |       |       |       |     2 ||     2
Armor: Scale mail        |    27 |    29 |       |       ||    56
       Plate armour      |       |    24 |   287 |   340 ||   651
Dodge: Dodged            |    15 |    35 |    84 |   107 ||   241
       Repelled          |       |       |       |     1 ||     1
Block: Kite shield       |    40 |    59 |   293 |   350 ||   742

Table legend: (Time is in decaauts)
 A = Elapsed time spent in this place.
 B = Non-inter-level travel time spent in this place.
 C = Inter-level travel time spent in this place.
 D = Time resting spent in this place.
 E = Time spent auto-exploring this place.
 F = Levels seen in this place.
 G = Mean time per level.
                   A        B        C        D        E       F      G
               +--------+--------+--------+--------+--------+-----+--------+
         Total |   6266 |   5840 |    426 |      0 |   3841 |  13 |  482.0 |
       Dungeon |   6036 |   5634 |    402 |      0 |   3793 |  11 |  548.7 |
        Temple |     52 |     28 |     24 |      0 |     25 |   1 |   52.0 |
      Gauntlet |    177 |    177 |      0 |      0 |     23 |   1 |  177.0 |
               +--------+--------+--------+--------+--------+-----+--------+

Top non-repeatable levels by time:
     D:5: 997 daAuts
     D:9: 862 daAuts
     D:6: 809 daAuts
     D:7: 803 daAuts
    D:10: 747 daAuts
     D:4: 707 daAuts
     D:8: 697 daAuts
Gauntlet: 177 daAuts
     D:2: 145 daAuts
    D:11: 115 daAuts
     D:3: 76 daAuts
     D:1: 73 daAuts
  Temple: 52 daAuts
